 Dungeon Crawl Stone Soup version 0.32-a0-699-g1ee5eff69a (webtiles) character file.

Game seed: 1183613730406815330

10495 Fodor the Basher (level 11, -3/97 HPs)
             Began as a Minotaur Fighter on Mar 13, 2024.
             Was an Initiate of Gozag.
             Slain by a two-headed ogre
             ... wielding a +0 giant club
              (10 damage)
             ... on level 10 of the Dungeon.
             The game lasted 00:32:20 (9492 turns).

Fodor the Basher (Minotaur Fighter)                 Turns: 9492, Time: 00:32:23

Health: -3/97      AC: 20    Str: 24    XL:     11   Next: 36%
Magic:  10/10      EV:  8    Int:  5    God:    Gozag
Gold:   1114       SH:  5    Dex: 17    Spells: 10/10 levels left

rFire   + . .        y - +0 flail (heavy)
rCold   . . .        (no shield)
rNeg    + . .        P - +0 plate armour
rPois   .            G - +2 hat {Stlth+}
rElec   .            (no cloak)
rCorr   .            z - +0 pair of gloves
SInv    .            p - +1 pair of boots
Will    .....        g - amulet of reflection Stlth
                     i - +6 ring of dexterity
HPRegen 0.36/turn    f - ring "Viunli" {rF+ rN+}
MPRegen 0.12/turn

%: reflection
@: no status effects
A: horns 2, retaliatory headbutt
a: Renounce Religion, Potion Petition, Call Merchant, Bribe Branch


You were on level 10 of the Dungeon.
You worshipped Gozag.
Gozag was most pleased with you.
You visited 2 branches of the dungeon, and saw 11 of its levels.

You collected 1218 gold pieces.
You paid 104 gold pieces to Gozag.

Inventory:

Hand Weapons
 k - a +3 battleaxe
 y - a +0 heavy flail (weapon)
 C - a +0 shortbow
Missiles
 r - 3 throwing nets (quivered)
Armour
 b - the +0 chain mail "Utoa" {rF+}
   (You found it on level 7 of the Dungeon)

   rF+:       It protects you from fire.
 c - a +0 buckler of protection
 p - a +1 pair of boots (worn)
 z - a +0 pair of gloves (worn)
 G - a +2 hat of stealth (worn)
 P - a +0 plate armour (worn)
Jewellery
 f - the ring "Viunli" (right hand) {rF+ rN+}
   (You found it on level 9 of the Dungeon)

   [ring of positive energy]

   rF+:       It protects you from fire.
   rN+:       It protects you from negative energy.
 g - an amulet of reflection (around neck)
 i - a +6 ring of dexterity (left hand)
 J - a ring of positive energy
Talismans
 o - a serpent talisman
 K - a beast talisman
Wands
 I - a wand of mindburst (18)
 L - a wand of charming (7)
 M - a wand of light (5)
Scrolls
 e - 2 scrolls of noise
 h - a scroll of amnesia
 j - a scroll of blinking
 m - 2 scrolls of fear
 q - 3 scrolls of enchant weapon
 s - a scroll of silence {unknown}
 t - 3 scrolls of revelation {unknown}
 v - 3 scrolls of fog
 w - 4 scrolls of teleportation
 B - 2 scrolls of poison {unknown}
 F - a scroll of immolation {unknown}
 H - 3 scrolls of vulnerability {unknown}
Potions
 a - 3 potions of mutation {unknown}
 d - a potion of might
 l - a potion of lignification {unknown}
 n - a potion of brilliance {unknown}
 u - a potion of berserk rage {unknown}
 x - 2 potions of attraction
 A - 2 potions of magic {unknown}
 D - 3 potions of haste {unknown}
 E - 2 potions of curing
Miscellaneous
 O - a phantom mirror


   Skills:
 + Level 9.3 Fighting
 + Level 6.4(9.8) Axes
 + Level 11.5(12.2) Maces & Flails
 + Level 0.5 Ranged Weapons
 + Level 10.3 Armour
 + Level 4.9 Dodging
 + Level 1.9 Stealth
 + Level 10.3 Shields


You had 10 spell levels left.
You didn't know any spells.
Your spell library contained the following spells:

 Spells                   Type           Power      Damage    Failure   Level
 Apportation              Tloc           0%         N/A       99%         1
 Shock                    Conj/Air       0%         1d3       99%         1
 Blink                    Tloc           0%         N/A       100%        2
 Jinxbite                 Hex            0%         N/A       100%        2
 Lesser Beckoning         Tloc           0%         N/A       100%        2
 Momentum Strike          Conj/Tloc      0%         3d8       100%        2
 Sublimation of Blood     Necr           0%         N/A       100%        2
 Inner Flame              Hex/Fire       0%         N/A       100%        3
 Swiftness                Air            0%         N/A       100%        3
 Airstrike                Air            0%         2d(0-16)  100%        4
 Flame Wave               Conj/Fire      0%         2d4       100%        4
 Petrify                  Alch/Erth      0%         N/A       100%        4
 Sticky Flame             Fire/Alch      0%         2d4       100%        4
 Alistair's Intoxication  Alch           0%         N/A       100%        5
 Irradiate                Conj/Alch      0%         3d11      100%        5


Dungeon Overview and Level Annotations

Branches:
Dungeon (10/15)            Temple (1/1) D:7
   Lair: D:8-11         Orc: D:9-12

Altars:
Ashenzari
Cheibriados
Dithmenos
Elyvilon
Fedhas
Gozag
Hepliaklqana
Kikubaaqudgha
Makhleb
Nemelex Xobeh
Okawaru
Qazlal
Ru
Sif Muna
Trog
Uskayaw
Vehumet
Wu Jian
Xom
Yredelemnul
Zin
The Shining One

Shops:
D:2 :   D:3 :

Portals:
Abyss: D:3

Annotations:
D:8 2 transporters, elongatedgoose's ghost, novice TrSh
Temple 4 transporters


Innate Abilities, Weirdness & Mutations

You have a pair of horns on your head.
You reflexively headbutt those who attack you in melee.


Message History

The orc priest is severely wounded.
The orc priest closely misses you. You furiously retaliate!
You headbutt the orc priest!
You kill the orc priest!
You now have 1056 gold pieces (gained 3).
Things that are here:
a +0 mace; a +0 scale mail; an amulet of reflection You now have 1082 gold pieces (gained 26).
Items here: ( ))) [.
You now have 1093 gold pieces (gained 11).
Things that are here:
a +0 dagger; a +0 robe; a +0 whip You now have 1114 gold pieces (gained 21).
Items here: ))) [[[.
You start resting.
A two-headed ogre comes into view. It is wielding two +0 giant clubs.
Items here: $ )) [[.
The two-headed ogre shouts in stereo!
The two-headed ogre hits you with a +0 giant club.
The two-headed ogre barely misses you.
Items here: ))) [[[.
You hit the two-headed ogre.
The two-headed ogre is lightly wounded.
The two-headed ogre hits you with a +0 giant club! x2
* * * LOW HITPOINT WARNING * * *
You sock the two-headed ogre!
The two-headed ogre is lightly wounded.
The two-headed ogre barely misses you.
The two-headed ogre hits you with a +0 giant club!
* * * LOW HITPOINT WARNING * * *
You bludgeon the two-headed ogre!! You headbutt the two-headed ogre.
The two-headed ogre is heavily wounded.
You barely miss the two-headed ogre.
You headbutt the two-headed ogre, but do no damage.
The two-headed ogre is heavily wounded.
The two-headed ogre hits you with a +0 giant club!
* * * LOW HITPOINT WARNING * * *
The two-headed ogre hits you with a +0 giant club!
You die...
Your body crumbles into a pile of gold.

.........#
.........#
.........##
..........
.........## ##
......<...# ..
..........# .##
........$.#...#
#########@#...#
#########O#...#
......#..)....#
###....)....#
#...#.#..#.##
#.#..<#..#... #
#.#.#..#.#.#
#.#.#.... ...
#.#.##.#..##.


You could see a two-headed ogre.

Vanquished Creatures
  Gastronok (D:9)
  Harold (D:9)
  2 two-headed ogres (D:9)
  A tengu warrior (D:8)
  An ugly thing (D:8)
  An ancient zyme (D:3)
  2 trolls
  The ghost of growler the Ruffian, an amateur DrSh (D:3)
  A hornet (D:7)
  4 yaks (D:9)
  2 wraiths
  Grum (D:9)
  A steam dragon (D:10)
  A small abomination (D:3)
  An acid dragon (D:8)
  A water moccasin (D:7)
  2 ice beasts (D:6)
  3 orc warriors
  A sky beast (D:6)
  4 wolves (D:9)
  7 centaurs
  An ogre (D:6)
  A phantom (D:6)
  3 bullfrogs
  A scorpion (D:5)
  13 wights
  3 killer bees (D:9)
  12 howler monkeys
  A quasit (D:3)
  A gnoll bouda (D:7)
  3 hounds
  2 bombardier beetles
  A jelly (D:4)
  6 orc priests
  Terence (D:2)
  3 iguanas
  11 orc wizards
  13 gnolls
  7 adders
  3 shadow imps
  A white imp (D:6)
  3 ufetubi
  An adder zombie (D:2)
  3 dart slugs (D:1)
  A ribbon worm (D:5)
  28 orcs
  5 ball pythons
  A bat (D:2)
  2 bat skeletons (D:2)
  4 endoplasms
  3 giant cockroaches
  10 goblins
  7 hobgoblins
  6 jackals
  4 kobolds
  7 quokkas
  A ball python zombie (D:2)
  5 frilled lizards
  A giant cockroach zombie (D:2)
  2 rats (D:1)
220 creatures vanquished.

Vanquished Creatures (others)
  An orc wizard (D:8)
1 creature vanquished.

Grand Total: 221 creatures vanquished

Notes
Turn   | Place    | Note
-------+----------+-------------------------------------------
     0 | D:1      | Fodor the Minotaur Fighter began the quest for the Orb.
     0 | D:1      | Reached XP level 1. HP: 19/19 MP: 0/0
    69 | D:1      | Reached XP level 2. HP: 26/27 MP: 1/1
   429 | D:1      | Reached XP level 3. HP: 33/33 MP: 2/2
   948 | D:2      | Noticed Terence
   954 | D:2      | Killed Terence
   983 | D:2      | Reached XP level 4. HP: 40/40 MP: 3/3
  1289 | D:2      | Reached skill level 1 in Dodging
  1436 | D:2      | Found a burning altar of Makhleb.
  1499 | D:2      | Found Lacwatam's Book Boutique.
  1815 | D:3      | Found a transporter.
  1816 | D:3      | Noticed a small abomination
  1817 | D:3      | Noticed an ancient zyme
  1818 | D:3      | Noticed growler's ghost (amateur DrSh)
  1844 | D:3      | Found a transporter.
  1973 | D:3      | Found Urale's Vocational Training.
  1983 | D:3      | Reached XP level 5. HP: 42/46 MP: 4/4
  2268 | D:3      | Found a broken altar of Ashenzari.
  2650 | D:4      | Reached XP level 6. HP: 53/53 MP: 5/5
  2723 | D:4      | Reached skill level 5 in Axes
  2734 | D:4      | Reached skill level 5 in Fighting
  2837 | D:4      | Identified the +4 ring mail of Squeaky Birdsong {Will-
                  | Regen+ Dex+5}
  3018 | D:4      | Found a shimmering altar of Xom.
  3019 | D:4      | Found a basalt altar of Yredelemnul.
  3024 | D:4      | Reached skill level 5 in Armour
  3047 | D:5      | Entered Level 5 of the Dungeon
  3052 | D:5      | Reached skill level 5 in Shields
  3102 | D:5      | Reached skill level 1 in Maces & Flails
  3102 | D:5      | Reached XP level 7. HP: 57/61 MP: 6/6
  3116 | D:5      | Noticed a wraith
  3126 | D:5      | Killed a wraith
  3127 | D:5      | Reached skill level 2 in Maces & Flails
  3763 | D:6      | Reached skill level 3 in Maces & Flails
  3843 | D:6      | Reached XP level 8. HP: 69/69 MP: 7/7
  3913 | D:6      | Reached skill level 4 in Maces & Flails
  4605 | D:7      | Reached skill level 5 in Maces & Flails
  4614 | D:7      | Identified the +0 chain mail "Utoa" {rF+}
  4664 | D:7      | Reached skill level 1 in Stealth
  4734 | D:7      | Noticed a troll
  4741 | D:7      | Killed a troll
  4747 | D:7      | Reached skill level 6 in Maces & Flails
  4931 | D:7      | Noticed a hornet
  4939 | D:7      | Killed a hornet
  4940 | D:7      | Reached XP level 9. HP: 22/77 MP: 8/8
  5161 | D:7      | Found a staircase to the Ecumenical Temple.
  5167 | Temple   | Found a transporter.
  5167 | Temple   | Found a transporter.
  5167 | Temple   | Found a transporter.
  5167 | Temple   | Found a transporter.
  5167 | Temple   | Entered the Ecumenical Temple
  5185 | Temple   | Became a worshipper of Gozag Ym Sagoz the Greedy
  5631 | D:8      | Reached skill level 7 in Maces & Flails
  5859 | D:8      | Noticed elongatedgoose's ghost (novice TrSh)
  5859 | D:8      | Identified the +11 dire flail "Biwagar" {holy, rF+ Will+
                  | rCorr Int-5}
  5859 | D:8      | Identified the +7 great mace "Plog" {holy, rElec Str+4}
  5859 | D:8      | Noticed a two-headed ogre
  5860 | D:8      | Found a transporter.
  5866 | D:8      | Noticed a troll
  5866 | D:8      | Noticed a red ugly thing
  5873 | D:8      | Killed a troll
  5874 | D:8      | Noticed a tengu warrior
  5900 | D:8      | Killed a red ugly thing
  5901 | D:8      | Reached skill level 8 in Maces & Flails
  6437 | D:8      | Killed a tengu warrior
  6441 | D:8      | Reached XP level 10. HP: 73/86 MP: 9/9
  6873 | D:8      | Reached skill level 9 in Maces & Flails
  7158 | D:8      | Found a transporter.
  7747 | D:3      | Killed growler's ghost
  7763 | D:3      | Found a one-way gate to the infinite horrors of the Abyss.
  8046 | D:9      | Noticed a two-headed ogre
  8059 | D:9      | Killed a two-headed ogre
  8265 | D:9      | Noticed Grum
  8286 | D:9      | Reached skill level 10 in Maces & Flails
  8296 | D:9      | Killed Grum
  8338 | D:9      | Identified the ring "Viunli" {rF+ rN+}
  8387 | D:9      | Noticed Gastronok
  8413 | D:9      | Killed Gastronok
  8414 | D:9      | Reached XP level 11. HP: 43/95 MP: 10/10
  8585 | D:9      | Noticed Harold
  8611 | D:9      | Killed Harold
  8612 | D:9      | Reached skill level 10 in Shields
  9007 | D:9      | Noticed a two-headed ogre
  9011 | D:9      | Killed a two-headed ogre
  9012 | D:9      | Reached skill level 10 in Armour
  9102 | D:9      | Reached skill level 11 in Maces & Flails
  9286 | D:10     | Entered Level 10 of the Dungeon
  9485 | D:10     | Noticed a two-headed ogre
  9492 | D:10     | Slain by a two-headed ogre

Illustrated notes

Levels and vault maps discovered:
D:1:      dpeg_arrival_rhombus, layout_loops_ring, corexii_leaking_fountain,
          hangedman_decor_points
D:2:      layout_loops_corners, serial_shops, shop, serial_undead,
          serial_undead_c, serial_undead_b, serial_undead_a, serial_undead_c,
          serial_undead_d, basic_altar, uniq_terence
D:3:      layout_loops_ring, lemuel_coloured_pillars_altar,
          gammafunk_ghost_abyssal_escape, nicolae_shop_vocational
D:4:      layout_rooms, gammafunk_temple_overflow_statue
D:5:      layout_rooms
D:6:      layout_basic
D:7:      layout_loops_ring, temple_statues
D:8:      layout_cave_pools, gammafunk_ghost_smash, nicolae_wwwww, kb_rosetta
D:9:      layout_roguey, uniq_gastronok, uniq_harold, uniq_grum
D:10:     layout_basic, special_room [special_room_bee], minivault_8
Temple:   hellmonk_temple_divided_pantheon

Skill      XL: |  1  2  3  4  5  6  7  8  9 10 11 |
---------------+----------------------------------+-----
Fighting       | 4 5 6 7 8 9 |  9.3
Armour         | 4 5 7 8 9 10 | 10.3
Shields        | 4 5 7 8 9 10 | 10.3
Axes           | 3 4 5 6 |  6.4
Dodging        | 1 2 3 4 |  4.9
Maces & Flails | 1 3 6 8 10 11 | 11.5
Stealth        | 1 |  1.9
Ranged Weapons | |  0.5

Action                     |  1- 3 |  4- 6 |  7- 9 | 10-12 || total
---------------------------+-------+-------+-------+-------++-------
  Melee: War axe           |    51 |    97 |       |       ||   148
         Headbutt          |     7 |    13 |    25 |    42 ||    87
         Flail             |       |    20 |   163 |   224 ||   407
   Fire: Shortbow          |       |       |       |     3 ||     3
    Use: Potion            |       |       |     4 |     1 ||     5
         Scroll            |       |       |     8 |     2 ||    10
   Stab: Distracted        |       |       |       |     1 ||     1
 Armour: Scale mail        |    25 |    77 |    22 |       ||   124
         Chain mail        |       |       |   209 |   129 ||   338
         Plate armour      |       |       |       |   150 ||   150
  Dodge: Dodged            |    14 |    54 |   107 |   141 ||   316
  Block: Buckler           |    25 |    73 |   151 |   129 ||   378
         Reflection        |       |     4 |     5 |    11 ||    20
         Other             |       |       |       |    18 ||    18

Table legend: (Time is in decaauts)
 A = Elapsed time spent in this place.
 B = Non-inter-level travel time spent in this place.
 C = Inter-level travel time spent in this place.
 D = Time resting spent in this place.
 E = Time spent auto-exploring this place.
 F = Levels seen in this place.
 G = Mean time per level.
                   A        B        C        D        E       F      G
               +--------+--------+--------+--------+--------+-----+--------+
         Total |   9746 |   9338 |    408 |   1451 |   5016 |  11 |  886.0 |
       Dungeon |   9707 |   9299 |    408 |   1451 |   5016 |  10 |  970.7 |
        Temple |     38 |     38 |      0 |      0 |      0 |   1 |   38.0 |
               +--------+--------+--------+--------+--------+-----+--------+

Top non-repeatable levels by time:
     D:9: 1659 daAuts
     D:8: 1598 daAuts
     D:1: 1093 daAuts
     D:7: 1049 daAuts
     D:2: 987 daAuts
     D:3: 939 daAuts
     D:6: 934 daAuts
     D:5: 740 daAuts
     D:4: 490 daAuts
    D:10: 213 daAuts
  Temple: 38 daAuts
